 Dungeon Crawl Stone Soup version 0.28-a0-724-g66f9036eb4 (webtiles) character file.

Game seed: 12360084315381093968

18 flotson the Sneak (level 2, -2/24 HPs)
             Began as a Demonspawn Delver on Oct 26, 2021.
             Slain by a goblin (3 damage)
             ... led by Robin
             ... on level 2 of the Dungeon.
             The game lasted 00:01:18 (727 turns).

flotson the Sneak (Demonspawn Delver)                Turns: 727, Time: 00:01:19

Health: -2/24      AC:  3    Str: 12    XL:     2   Next: 51%
Magic:  2/2        EV: 12    Int: 11    God:
Gold:   8          SH:  0    Dex: 14    Spells: 1/1 levels left

rFire   . . .      SeeInvis .   a - +0 hand axe
rCold   . . .      Faith    .   (no shield)
rNeg    . . .      Spirit   .   b - +0 leather armour
rPois   .          Reflect  .   (no helmet)
rElec   .          Harm     .   (no cloak)
rCorr   .          Rampage  .   (no gloves)
Will    .....                   (no boots)
Stlth   ++........              (no amulet)
HPRegen 0.08/turn               (no ring)
MPRegen 0.08/turn               (no ring)

@: no status effects
A: demonic guardian 1
a: no special abilities


You were on level 2 of the Dungeon.
You visited 1 branch of the dungeon, and saw 4 of its levels.

You collected 8 gold pieces.

Inventory:

Hand Weapons
 a - a +0 hand axe (weapon)
Missiles
 j - 2 boomerangs (quivered)
Armour
 b - a +0 leather armour (worn)
Wands
 g - a wand of digging (3)
Scrolls
 c - a scroll of fog
 d - a scroll of magic mapping
 i - 2 scrolls of identify {unknown}
Potions
 e - a potion of curing {unknown}
 f - a potion of haste
 h - 2 potions of mutation {unknown}
 k - 2 potions of heal wounds {unknown}


   Skills:
 + Level 3.2 Fighting
 + Level 2.0 Axes
 + Level 0.6 Throwing
 + Level 0.6 Armour
 + Level 2.0 Dodging
 - Level 4.5 Stealth


You had one spell level left.
You didn't know any spells.
Your spell library was empty.

Dungeon Overview and Level Annotations

Branches:
Dungeon (5/15)
 Temple: D:4-7

Altars:

Shops:
D:3 (

Annotations:
D:2 Robin
D:4 Pikel


Innate Abilities, Weirdness & Mutations

A weak demonic guardian rushes to your aid.


Message History

The hobgoblin closely misses you.
Robin shouts!
You hit the hobgoblin but do no damage.
The hobgoblin is severely wounded.
The hobgoblin hits you.
You hit the hobgoblin.
You kill the hobgoblin!
Robin roars a battlecry!
The goblin goes into a battle-frenzy!
You barely miss the goblin. The goblin hits you with a +0 dagger.
You are too injured to fight recklessly!
You are too injured to fight recklessly!
You are too injured to fight recklessly!
You are too injured to fight recklessly!
You are too injured to fight recklessly!
You are too injured to fight recklessly!
You are too injured to fight recklessly!
You are too injured to fight recklessly!
You are too injured to fight recklessly!
You slash the goblin!
You kill the goblin!
Robin hits you with a +0 mace.
* * * LOW HITPOINT WARNING * * *
You hit Robin.
Robin is moderately wounded.
A goblin comes into view. It is wielding a +0 club.
Robin misses you.
You closely miss Robin.
Robin is moderately wounded.
Robin hits you with a +0 mace.
* * * LOW HITPOINT WARNING * * *
You hit Robin.
Robin is heavily wounded.
Robin throws the goblin at you!
* * * LOW HITPOINT WARNING * * *
A demonic guardian appears!
The goblin hits you with a +0 club.
* * * LOW HITPOINT WARNING * * *
You closely miss the goblin. You hit Robin but do no damage.
Robin hits you but does no damage. The goblin hits you with a +0 club.
You die...

#...#
#.# #.#
#####
#.# #
#.# #
#.#
#######
#.#
......#
#.#
⌠.⌠.⌠.#
#5#
......#
#g#
.....>#
#@#
......#
#g#
⌠.⌠.⌠)#
#.#
.[...)#
#.#
#######
..# ###


You could see Robin, a goblin (ally target) and a friendly shadow imp
(summoned).

Vanquished Creatures
  A dart slug (D:3)
  6 goblins (D:2)
  2 hobgoblins (D:2)
  A kobold (D:2)
  2 quokkas
  A ball python (D:4)
  A rat (D:3)
14 creatures vanquished.

Notes
Turn   | Place    | Note
-------+----------+-------------------------------------------
     0 | D:5      | flotson the Demonspawn Delver began the quest for the Orb.
     0 | D:5      | Reached XP level 1. HP: 18/18 MP: 1/1
    40 | D:4      | Noticed a lemure
    43 | D:4      | Noticed Pikel
    44 | D:4      | Noticed a lemure
    44 | D:4      | Noticed a lemure
    84 | D:3      | Noticed a jelly
   116 | D:3      | Found Waem's Weapon Emporium.
   515 | D:2      | Gained mutation: A weak demonic guardian rushes to your
                  | aid. [demonic ancestry]
   515 | D:2      | Reached XP level 2. HP: 18/24 MP: 2/2
   719 | D:2      | Noticed Robin
   726 | D:2      | HP: 1/24 [goblin[Robin] (3)]
   727 | D:2      | Slain by a goblin

Illustrated notes

Levels and vault maps discovered:
D:2:      layout_basic, basic_altar, grunt_ministairs_3, solitary_fountain,
          st_stairs_8, uniq_natasha, uniq_crazy_yiuf_cottage, uniq_robin
D:3:      layout_rooms, serial_shops, nicolae_shop_stone
D:4:      layout_basic, minmay_temple_entry_proselytizer, guppyfry_shop_venom,
          uniq_eustachio, uniq_pikel
D:5:      layout_loops_ring, mainiacjoe_overflow_big_doors,
          mainiacjoe_overflow_six_doors_small, serial_shops, shop,
          gammafunk_ghost_grave, grunt_ministairs_12, roderic_roman_lattice,
          grunt_decor_one_mirror, uniq_duvessa

Skill      XL: |  1  2 |
---------------+-------+-----
Dodging        | 2 |  2.0
Axes           | 2 |  2.0
Fighting       | |  3.2
Throwing       | |  0.6
Armour         | |  0.6
Stealth        | |  4.5

Action                   || total
-------------------------++-------
Melee: Hand axe          ||    58
Throw: Boomerang         ||     3
  Use: Scroll            ||     1
 Stab: Sleeping          ||     2
Armor: Leather armour    ||    15
Dodge: Dodged            ||    34

Table legend: (Time is in decaauts)
 A = Elapsed time spent in this place.
 B = Non-inter-level travel time spent in this place.
 C = Inter-level travel time spent in this place.
 D = Time resting spent in this place.
 E = Time spent auto-exploring this place.
 F = Levels seen in this place.
 G = Mean time per level.
                   A        B        C        D        E       F      G
               +--------+--------+--------+--------+--------+-----+--------+
         Total |    738 |    731 |      7 |      0 |    539 |   4 |  184.5 |
       Dungeon |    738 |    731 |      7 |      0 |    539 |   4 |  184.5 |
               +--------+--------+--------+--------+--------+-----+--------+

Top non-repeatable levels by time:
     D:3: 425 daAuts
     D:2: 229 daAuts
     D:4: 74 daAuts
     D:5: 10 daAuts
